 Dungeon Crawl Stone Soup version 0.25.0-41-g26779e291d (webtiles) character file.

Game seed: 9002345110723309958

2590 wojtek the Covered (level 9, -8/79 HPs)
             Began as a Minotaur Fighter on July 10, 2020.
             Was a Believer of Makhleb.
             Mangled by Harold
             ... wielding a +4 glaive of protection
              (17 damage)
             ... on level 7 of the Dungeon.
             The game lasted 00:07:56 (6802 turns).

wojtek the Covered (Minotaur Fighter)               Turns: 6802, Time: 00:07:57

Health: -8/79      AC: 14    Str: 24    XL:     9   Next: 33%
Magic:  13/13      EV:  7    Int:  5    God:    Makhleb [**....]
Gold:   351        SH: 11    Dex: 10    Spells: 8/8 levels left

rFire    . . .     SeeInvis .   a - +0 war axe
rCold    . . .     Gourm    .   c - +0 kite shield
rNeg     . . .     Faith    .   m - +0 chain mail
rPois    .         Spirit   .   (helmet restricted)
rElec    .         Reflect  .   A - +0 cloak
rCorr    .         Harm     .   (no gloves)
MR       .....                  E - +1 pair of boots
Stlth    ..........             (no amulet)
HPRegen  0.23/turn              (no ring)
MPRegen  0.13/turn              (no ring)

@: marked
A: retaliatory headbutt, horns 2
a: Minor Destruction, Renounce Religion


You were on level 7 of the Dungeon.
You worshipped Makhleb.
Makhleb was pleased with you.
You were near starving.

You visited 1 branch of the dungeon, and saw 7 of its levels.
You also visited: Sewer.

You collected 351 gold pieces.

Inventory:

Hand Weapons
 a - a +0 war axe (weapon)
 g - the +9 heavy crossbow "Sniper" {vorpal, Acc+∞ SInv}
   (You found it on level 5 of the Dungeon)

   Any bolt fired from it inflicts extra damage.
   It lets you see invisible.
 B - a +0 whip of freezing
Missiles
 y - 5 boomerangs (quivered)
 Q - a throwing net
Armour
 c - a +0 kite shield (worn)
 m - a +0 chain mail (worn)
 A - a +0 cloak (worn)
 E - a +1 pair of boots (worn)
Jewellery
 k - an uncursed ring of protection from fire {unknown}
 w - an uncursed ring of protection from magic {unknown}
 L - an uncursed ring of protection from cold {unknown}
 M - a +4 ring of evasion {unknown}
Wands
 C - a wand of acid (11)
 D - a wand of polymorph (13)
 O - a wand of paralysis (11)
Scrolls
 e - 4 scrolls of remove curse {unknown}
 i - a scroll of fear {unknown}
 j - 5 scrolls of teleportation {unknown}
 n - 2 scrolls of enchant weapon {unknown}
 o - 8 scrolls of identify {unknown}
 q - 3 scrolls of blinking {unknown}
 s - 2 scrolls of amnesia {unknown}
 u - a scroll of noise {unknown}
 G - 2 scrolls of fog {unknown}
 H - a scroll of magic mapping {unknown}
 J - a scroll of immolation {unknown}
 K - a scroll of random uselessness {unknown}
 N - a scroll of vulnerability {unknown}
 P - a scroll of acquirement {unknown}
Potions
 b - 2 potions of curing {unknown}
 d - a potion of might
 h - 2 potions of haste {unknown}
 l - a potion of ambrosia {unknown}
 p - a potion of mutation {unknown}
 r - a potion of resistance {unknown}
 t - 2 potions of flight {unknown}
 v - 2 potions of stabbing {unknown}
 x - 2 potions of magic {unknown}
 z - 2 potions of berserk rage
 F - a potion of heal wounds {unknown}
 I - a potion of brilliance {unknown}
Comestibles
 f - 12 rations


   Skills:
 + Level 7.0 Fighting
 - Level 7.0 Axes
 + Level 7.1 Armour
 + Level 1.3 Dodging
 + Level 7.0 Shields
 * Level 6.9 Invocations
 + Level 1.0 Evocations


You had 8 spell levels left.
You didn't know any spells.
Your spell library contained the following spells:

 Spells                   Type           Power        Failure   Level  Hunger
 Confusing Touch          Hex            #.......     100%        3    ####...
 Gell's Gravitas          Tloc           #.........   100%        3    ####...
 Petrify                  Tmut/Erth      #.......     100%        4    #####..
 Metabolic Englaciation   Hex/Ice        #.........   100%        5    ######.
 Yara's Violent Unravell  Hex/Tmut       #.........   100%        5    ######.


Dungeon Overview and Level Annotations

Branches:
Dungeon (7/15)             Temple (0/1) D:6           Sewer (visited)

Altars:
Ashenzari
Cheibriados
Dithmenos
Gozag
Makhleb
Okawaru
Qazlal
Ru
Sif Muna
Trog
Yredelemnul

Shops:
D:7 (

Annotations:
D:1 fly
D:7 Harold


Innate Abilities, Weirdness & Mutations

You reflexively headbutt those who attack you in melee.
You have a pair of horns on your head.


Message History

Your shield and chain mail prevent you from hitting Harold.
You headbutt Harold.
Harold is moderately wounded.
Harold hits you with a +4 glaive of protection!
Your shield prevents you from hitting Harold.
Harold is moderately wounded.
You block Harold's attack.
You hit Harold.
Harold is moderately wounded.
Harold points at you and mumbles some strange words.
You barely resist. You hit Harold but do no damage.
Harold is moderately wounded.
You are near starving!
Harold hits you with a +4 glaive of protection!!
* * * LOW HITPOINT WARNING * * *
You closely miss Harold.
Harold is moderately wounded.
Harold hits you with a +4 glaive of protection!
You die...

#.......#####.#.
#..........#....
#.......##....#.
###>......##......
#...##.....)...♣..
#.#.##....((....##
#.#.##....)†..♣∩♣.
#.#..........##...
#@#.#....#...##♣##
#@###.##.#...# #
#..O...<##.#...#####
#.......###.#........
#.......... #.#.....#
#............##........
#.....(........
........
...............
........
........<......
........


You could see Harold and an ogre.

Vanquished Creatures
  Pikel (D:4)
  A water moccasin (D:5)
  Duvessa (D:5)
  An orc warrior (D:7)
  2 ice beasts (D:5)
  A black bear (D:6)
  A sky beast (D:5)
  2 ogres
  A centaur (D:7)
  A big kobold (D:7)
  A bullfrog (D:6)
  Dowan (D:5)
  2 scorpions
  A water moccasin skeleton (D:4)
  2 crimson imps
  2 bullfrog zombies (D:5)
  2 quasits
  2 hounds (D:4)
  A bullfrog skeleton (D:4)
  A gnoll shaman (D:6)
  2 orc priests
  Crazy Yiuf (D:4)
  An iguana (D:5)
  Terence (D:2)
  3 orc wizards
  3 worker ants
  A hound zombie (D:6)
  4 gnolls
  A river rat (Sewer)
  6 adders
  A shadow imp (D:4)
  An adder skeleton (D:4)
  6 worms
  A dart slug (D:1)
  3 leopard geckos
  18 orcs
  7 ball pythons
  4 giant cockroaches
  6 goblins
  10 hobgoblins
  9 jackals
  4 quokkas
  6 bats
  14 frilled lizards
  11 kobolds
  A quokka skeleton (D:5)
  11 rats
163 creatures vanquished.

Notes
Turn   | Place    | Note
-------+----------+-------------------------------------------
     0 | D:1      | wojtek the Minotaur Fighter began the quest for the Orb.
     0 | D:1      | Reached XP level 1. HP: 19/19 MP: 0/0
   192 | D:1      | Reached XP level 2. HP: 23/26 MP: 1/1
   782 | D:2      | Reached XP level 3. HP: 31/31 MP: 2/2
   996 | D:2      | Found a sacrificial altar of Ru.
  1004 | D:2      | Reached skill level 5 in Axes
  1004 | D:2      | Reached XP level 4. HP: 35/39 MP: 3/3
  1233 | D:2      | Noticed Terence
  1240 | D:2      | Killed Terence
  1854 | D:3      | Reached XP level 5. HP: 37/45 MP: 4/4
  2393 | D:3      | Found a shimmering blue altar of Sif Muna.
  2466 | D:3      | Found a snail-covered altar of Cheibriados.
  2511 | D:3      | Found an opulent altar of Gozag.
  2587 | D:3      | Found a burning altar of Makhleb.
  2663 | D:3      | Became a worshipper of Makhleb the Destroyer
  2912 | D:4      | Found a runed translucent door.
  2913 | D:4      | Noticed Crazy Yiuf
  2972 | D:4      | Reached skill level 1 in Invocations
  2972 | D:4      | Reached XP level 6. HP: 46/52 MP: 5/5
  3191 | D:4      | Found a stormy altar of Qazlal.
  3439 | D:4      | Found a basalt altar of Yredelemnul.
  3494 | D:4      | Noticed a slave
  3494 | D:4      | Noticed a slave
  3495 | D:4      | Noticed Pikel
  3495 | D:4      | Noticed a slave
  3496 | D:4      | Noticed a slave
  3515 | D:4      | Killed Pikel
  3515 | D:4      | Reached skill level 5 in Fighting
  3515 | D:4      | Reached skill level 5 in Armour
  3515 | D:4      | Reached skill level 5 in Shields
  3515 | D:4      | Reached XP level 7. HP: 57/61 MP: 6/9
  3639 | D:4      | Found an iron altar of Okawaru.
  3640 | D:4      | Found a bloodstained altar of Trog.
  3885 | D:4      | Killed Crazy Yiuf
  3987 | D:5      | Entered Level 5 of the Dungeon
  4059 | D:5      | Reached * piety under Makhleb
  4100 | D:5      | Found the +9 heavy crossbow "Sniper" {vorpal, Acc+∞ SInv}
  4112 | D:5      | Reached XP level 8. HP: 69/69 MP: 10/10
  4129 | D:5      | Found a shattered altar of Ashenzari.
  4158 | D:5      | Found a glowing drain.
  4178 | Sewer    | Entered a sewer
  4626 | D:5      | Reached skill level 5 in Invocations
  4673 | D:5      | Noticed Duvessa
  4674 | D:5      | Noticed Dowan
  4683 | D:5      | Killed Duvessa
  4687 | D:5      | Killed Dowan
  4820 | D:5      | Reached ** piety under Makhleb
  5845 | D:6      | Found a shadowy altar of Dithmenos.
  5866 | D:6      | Reached XP level 9. HP: 64/78 MP: 12/12
  6009 | D:6      | Found a staircase to the Ecumenical Temple.
  6448 | D:7      | Found a sacrificial altar of Ru.
  6484 | D:7      | Reached skill level 1 in Dodging
  6728 | D:7      | Found Lysmerr's Weapon Shoppe.
  6746 | D:7      | Reached skill level 1 in Evocations
  6785 | D:7      | Noticed Harold
  6802 | D:7      | Mangled by Harold

Illustrated notes

Levels and vault maps discovered:
D:1:      minmay_arrival_floating_metal, layout_rooms, serial_aquarium,
          aquarium_bridge_square [aquarium_subvault_bridge,
          aquarium_subvault_wall, aquarium_subvault_balcony,
          aquarium_subvault_bridge], aquarium_bridge_island_small
          [aquarium_subvault_small_open, aquarium_subvault_bridge,
          aquarium_subvault_wall, aquarium_subvault_wall,
          aquarium_subvault_bridge], aquarium_window_1, aquarium_window_1,
          aquarium_window_corner, aquarium_window_corner, aquarium_view_2d
D:2:      layout_basic, nicolae_ru_great_annihilating_truth,
          minmay_misc_feat_columns, minmay_circled_x, uniq_terence
D:3:      layout_rooms, nicolae_overflow_quartered_altars
D:4:      layout_loops_corners, grunt_temple_overflow_bloody_war,
          lemuel_crystal_altar, lemuel_doored_altar, uniq_crazy_yiuf_cottage,
          uniq_pikel
D:5:      minmay_clustersquares, layout_gridville,
          ashenzari_conservatory_becter, cheibrodos_sewer_entry_sluice,
          first_ration, uniq_duvessa
D:6:      layout_basic, minmay_temple_entry_tees, basic_altar, minivault_25
D:7:      layout_basic, basic_altar, serial_shops, nicolae_shop_trees,
          uniq_harold

Skill      XL: |  1  2  3  4  5  6  7  8  9 |
---------------+----------------------------+-----
Axes           | 3 4 5 6 7 |  7.0
Fighting       | 4 5 6 7 |  7.0
Armour         | 4 5 6 7 |  7.1
Shields        | 4 5 6 7 |  7.0
Invocations    | 1 4 6 |  6.9
Dodging        | 1 |  1.3
Evocations     | 1 |  1.0

Action                   |  1- 3 |  4- 6 |  7- 9 || total
-------------------------+-------+-------+-------++-------
Melee: War axe           |    66 |   173 |   256 ||   495
       Headbutt          |     6 |    37 |    35 ||    78
 Stab: Paralysed         |       |     1 |       ||     1
  Eat: Chunk             |       |     9 |     9 ||    18
Armor: Scale mail        |    12 |       |       ||    12
       Chain mail        |    27 |    89 |   123 ||   239
Dodge: Dodged            |    17 |    31 |    77 ||   125
Block: Kite shield       |    41 |    80 |   136 ||   257
